Map: Port Aleksander LE

Players

Odin - Winner!

  • Race: Protoss Protoss
  • League: Gold
  • Spawn Location: 5:00

Jarsoh

  • Race: Terran Terran
  • League: Platinum
  • Spawn Location: 11:00

VOD

Have the link to the VOD?

Description

Time

  • Played on: Dec. 16, 2018, 9:42 a.m.
  • Length: 11:13
Show
View Real Time Build Order
Export as new Build Order

Odin Protoss - Winner!

Build Orders: Cannon Rush 

Get SALT Encoding   

  12  0:03  Probe  
  13  0:15  Pylon  
  13  0:20  Probe  
  14  0:33  Forge  
  14  0:34  Probe  
  15  1:00  Pylon  
  15  1:01  Pylon  
  15  1:10  Pylon  
  15  1:19  Pylon  
  15  1:23  Photon Cannon  
  15  1:33  Photon Cannon  
  15  1:51  Photon Cannon  
  15  2:02  Photon Cannon  
  15  2:13  Pylon  
  15  2:22  Pylon  
  15  2:27  Assimilator  
  14  2:41  Probe  
  15  2:44  Assimilator  
  15  2:47  Gateway  
  15  2:59  Probe  
  15  3:03  Assimilator  
  16  3:07  Probe  
  17  3:16  Probe  
  17  3:26  Pylon  
  18  3:32  Probe  
  19  3:41  Cybernetics Core  
  19  3:44  Probe  
  20  3:56  Probe  
  21  4:08  Probe  
  22  4:12  Photon Cannon  
  22  4:19  Probe, Warp Gate  
  23  4:25  Stargate  
  23  4:27  Probe  
  23  4:30  Stalker  
  26  4:56  Probe  
  26  5:13  Gateway  
  26  5:17  Oracle  
  29  5:26  Gateway  
  29  5:29  Robotics Facility  
  29  6:20  Immortal  
  29  6:24  Oracle  
  36  6:27  Stalker x3  
  38  7:05  Gateway  
  38  7:22  Nexus  
  38  7:32  Stalker x3  
  44  7:56  Probe  
  45  8:00  Stalker x2  
  45  8:01  Stalker x2  
  53  8:12  Pylon  
  49  8:27  Stalker  
  49  8:28  Stalker x2  
  55  8:48  Stalker  
  55  8:51  Stalker  
  59  9:01  Robotics Bay  
  59  9:31  Probe  
  60  9:35  Immortal  
  64  9:40  Stalker x3  
  64  9:44  Probe  
  71  10:03  Probe  
  71  10:11  Probe  
  67  11:07  Stalker x4  
Show
View Real Time Build Order
Export as new Build Order

Jarsoh Terran 

Build Orders:  

Get SALT Encoding   

  12  0:01  SCV  
  13  0:14  SCV  
  14  0:20  Supply Depot  
  14  0:26  SCV  
  15  0:41  SCV  
  16  0:44  Barracks  
  16  0:46  Refinery  
  16  0:53  SCV  
  17  1:05  SCV  
  18  1:34  Bunker  
  18  1:43  Orbital Command  
  14  2:11  Marine  
  14  2:15  Barracks  
  13  2:38  Orbital Command  
  9  3:08  Marine  
  10  3:19  SCV  
  11  3:30  Marine  
  12  3:43  Supply Depot  
  12  3:47  Marine  
  13  3:54  Supply Depot  
  13  3:56  SCV  
  13  4:00  Barracks Reactor  
  14  4:05  Marine  
  14  4:08  SCV  
  16  4:11  Refinery  
  16  4:20  SCV  
  17  4:32  Barracks Tech Lab, SCV  
  17  4:38  Supply Depot  
  18  4:45  Marine  
  18  4:47  Command Center  
  19  4:55  SCV  
  20  5:01  Marine  
  21  5:07  SCV  
  22  5:16  Marauder  
  22  5:17  Marine  
  22  5:20  SCV  
  26  5:23  Marine  
  27  5:32  SCV  
  27  5:34  Marine  
  29  5:38  Marauder  
  31  5:44  SCV  
  31  5:46  Combat Shield  
  32  5:53  Marine x2  
  34  5:59  Marauder  
  32  6:11  Marine x2  
  32  6:21  Marauder  
  28  6:43  Marauder  
  28  6:46  SCV x2  
  31  6:48  Marine x2  
  32  6:58  SCV  
  34  7:04  Marine  
  34  7:06  Marine x2  
  34  7:07  Orbital Command  
  36  7:10  SCV  
  37  7:24  SCV  
  37  7:25  Marine x3  
  38  7:36  SCV  
  30  7:46  Stimpack  
  30  7:47  SCV  
  30  7:49  SCV  
  32  7:53  Marine  
  33  8:06  SCV x2  
  35  8:17  Marine x3  
  35  8:18  SCV  
  39  8:26  SCV  
  40  8:30  SCV  
  41  8:35  Marine x2  
  41  8:38  SCV  
  41  8:41  Bunker  
  44  8:42  SCV  
  44  8:48  Marine  
  46  8:50  SCV  
  46  8:54  SCV  
  48  8:56  Marine x2  
  48  9:02  SCV  
  51  9:06  Marauder  
  51  9:07  SCV  
  52  9:14  Marine  
  53  9:39  SCV  
  53  9:42  Factory  
  54  9:49  Marine x2, SCV  
  54  9:51  SCV  
  58  9:55  Supply Depot  
  58  10:01  SCV  
  58  10:03  SCV  
  60  10:10  Bunker  
  60  10:11  Marine  
  60  10:12  Marine  
  62  10:16  Marine  
  62  10:17  SCV, Supply Depot  
  64  10:22  SCV  
  64  10:26  Refinery  
  65  10:29  Marine x2, SCV  
  65  10:34  SCV  
  69  10:42  SCV  
  69  10:46  SCV  
Tags
 
Add a new tag
Caveats
  • Supply blocks, unpowered buildings, or Contaminate may cause inaccurate times.
  • Supply counts are checked every 10 seconds.